 Dungeon Crawl Stone Soup version 0.32-a0-12-g7fc57aa741 (webtiles) character file.

Game seed: 17646853262000879022

1883909 bakla the Unflinching (level 26, 97/200 HPs)
             Began as a Felid Air Elementalist on Jan 13, 2024.
             Was a Believer of the Shining One.
             Escaped with the Orb
             ... and 3 runes
             ... and 1 gem on Jan 14, 2024!
             The game lasted 01:59:59 (59944 turns).

bakla the Unflinching (Felid Air Elementalist)     Turns: 59944, Time: 01:59:59

Health: 97/200     AC: 32    Str:  9 (10) XL:     26   Next: 6%
Magic:  39/39      EV: 45    Int: 21      God:    the Shining One [**....]
Gold:   7003       SH:  0    Dex: 24 (25) Spells: 20/35 levels left
                                        Lives:  2   Deaths: 4

rFire   + .          .
                       - Unarmed
rCold   . . .        (shield unavailable)
rNeg    + + .        (body armour unavailable)
rPois   ∞            (helmet unavailable)
rElec   +            (cloak unavailable)
rCorr   +            (gloves unavailable)
SInv    +            (boots unavailable)
Will    ++...        N - amulet of regeneration
Stlth   +            T - ring "Acka" {rElec rC+ Will- rCorr EV+5}
HPRegen 0.00/turn    c - ring of fire
MPRegen 0.26/turn

%: no passive effects
@: statue-form, inhibited regen, glowing, very slow
A: slow and powerful, torment resistance 1, boosted hp, very small, claws 1,
fangs 3, see invisible, (shaggy fur 3), stealthy paws, no weapons or thrown
items, no armour, multi-lived, agile 2, deterioration 2, inhibited regeneration,
wild magic 1
0: Orb of Zot
}: 3/15 runes: barnacled, silver, gossamer
a: Begin Untransformation, Renounce Religion, Divine Shield


You escaped.
You worshipped the Shining One.
The Shining One was pleased with you.
You were a living statue of rough stone.
You visited 11 branches of the dungeon, and saw 51 of its levels.
You also visited: Bailey, Gauntlet and Ice Cave.

You collected 10061 gold pieces.
You spent 3058 gold pieces at shops.

Inventory:

Jewellery
 c - a ring of fire (right paw)
 m - a ring of willpower
 y - a ring of resist corrosion
 D - a ring of willpower
 L - a ring of protection from cold
 M - an amulet of faith
 N - an amulet of regeneration (around neck)
 P - a ring of flight
 S - the ring "Ifydyq" {EV+5 Str+3 Int+3}
   (You bought it in a shop on level 3 of the Elven Halls)

   [ring of evasion]

   EV+5:      It affects your evasion (+5).
   Str+3:     It affects your strength (+3).
   Int+3:     It affects your intelligence (+3).
 T - the ring "Acka" (left paw) {rElec rC+ Will- rCorr EV+5}
   (You took it off a deep elf demonologist on level 3 of the Elven Halls)

   [ring of evasion]

   EV+5:      It affects your evasion (+5).
   rC+:       It protects you from cold.
   rElec:     It insulates you from electricity.
   Will-:     It decreases your willpower.
   rCorr:     It protects you from acid and corrosion.
 U - the ring "Zalic" {^Contam Will+ Int+5}
   (You found it on level 3 of the Elven Halls)

   [ring of willpower]

   Int+5:     It affects your intelligence (+5).
   Will+:     It increases your willpower.
   ^Contam:   It causes magical contamination when unequipped.
 W - a ring of positive energy
 X - a ring of protection from cold
 Y - a ring of willpower
Talismans
 f - a granite talisman (active)
 A - a dragon-blood talisman
 R - a talisman of death
Wands
 i - a wand of polymorph (36)
 o - a wand of digging (17)
 r - a wand of flame (68)
 C - a wand of roots (40)
 F - a wand of quicksilver (25)
 J - a wand of mindburst (40)
 V - a wand of charming (10)
Scrolls
 d - 10 scrolls of vulnerability
 e - 10 scrolls of fog
 h - 9 scrolls of amnesia
 k - 10 scrolls of immolation
 l - 3 scrolls of torment
 n - 7 scrolls of teleportation
 s - 35 scrolls of identify
 u - 2 scrolls of poison
 B - 4 scrolls of blinking
 H - 12 scrolls of fear
 K - 4 scrolls of butterflies
Potions
 a - 3 potions of resistance
 b - 4 potions of ambrosia
 g - 9 potions of brilliance
 j - 6 potions of mutation
 q - 20 potions of curing
 t - 4 potions of might
 w - 7 potions of cancellation
 x - 8 potions of magic
 z - 8 potions of heal wounds
 E - 2 potions of haste
 G - 5 potions of invisibility
 I - 8 potions of enlightenment
 O - 6 potions of lignification
 Q - a potion of berserk rage
 Z - a potion of attraction
Miscellaneous
 p - a phial of floods
 v - a condenser vane


   Skills:
 - Level 20.9 Fighting
 - Level 20.9 Dodging
 - Level 2.6 Stealth
 - Level 20.9 Unarmed Combat
 - Level 5.0 Spellcasting
 - Level 1.3 Conjurations
 - Level 6.0 Necromancy
 - Level 5.0 Translocations
 - Level 2.9 Air Magic
 - Level 23.0 Invocations
 + Level 14.8 Evocations
 - Level 20.9 Shapeshifting


You had 20 spell levels left.
You knew the following spells:

 Your Spells              Type           Power      Damage    Failure   Level
a - Shock                 Conj/Air       72%        1d7       8%          1
b - Static Discharge      Conj/Air       36%        3-5/arc   11%         2
c - Swiftness             Air            23%        N/A       14%         3
d - Blink                 Tloc           68%        N/A       3%          2
e - Summon Lightning Spi  Summ/Air       14%        N/A       61%         4
f - Fugue of the Fallen   Necr           39%        N/A       4%          3

Your spell library contained the following spells:

 Spells                   Type           Power      Damage    Failure   Level
 Necrotise                Necr           100%       1d9       1%          1
 Apportation              Tloc           68%        N/A       2%          1
 Lesser Beckoning         Tloc           68%        N/A       3%          2
 Kiss of Death            Conj/Necr      100%       2d13      4%          1
 Vampiric Draining        Necr           39%        2d8       4%          3
 Cigotuvi's Dreadful Rot  Necr/Alch/Air  46%        N/A       8%          2
 Momentum Strike          Conj/Tloc      48%        3d9       8%          2
 Magic Dart               Conj           56%        1d5       10%         1
 Foxfire                  Conj/Fire      60%        2x1d7     13%         1
 Sting                    Conj/Alch      40%        1d5       13%         1
 Mercury Vapours          Alch/Air       28%        N/A       13%         2
 Animate Dead             Necr           39%        N/A       13%         4
 Searing Ray              Conj           28%        2d5       14%         2
 Freeze                   Ice            24%        1d4       16%         1
 Slow                     Hex            24%        N/A       16%         1
 Manifold Assault         Tloc           34%        N/A       21%         4
 Ensorcelled Hibernation  Hex/Ice        12%        N/A       22%         2
 Jinxbite                 Hex            12%        N/A       22%         2
 Scorch                   Fire           20%        2d5       22%         2
 Mephitic Cloud           Conj/Alch/Air  14%        N/A       26%         3
 Vhi's Electric Charge    Tloc/Air       56%        N/A       30%         4
 Dazzling Flash           Conj/Hex       20%        N/A       34%         3
 Hailstorm                Conj/Ice       10%        3d6       34%         3
 Stone Arrow              Conj/Erth      20%        3d8       34%         3
 Curse of Agony           Necr           39%        N/A       34%         5
 Anguish                  Hex/Necr       11%        N/A       38%         4
 Iskenderun's Mystic Bla  Conj/Tloc      24%        2d7       38%         4
 Martyr's Knell           Necr/Summ      23%        N/A       38%         4
 Call Canine Familiar     Summ           6%         N/A       41%         3
 Confusing Touch          Hex            6%         N/A       41%         3
 Frozen Ramparts          Ice            12%        1d2       41%         3
 Inner Flame              Hex/Fire       10%        N/A       41%         3
 Ozocubu's Armour         Ice            6%         N/A       41%         3
 Sigil of Binding         Hex            6%         N/A       41%         3
 Summon Ice Beast         Ice/Summ       6%         N/A       41%         3
 Tukima's Dance           Hex            6%         N/A       41%         3
 Airstrike                Air            11%        2d(2-18)  41%         4
 Brom's Barrelling Bould  Conj/Erth      10%        2d3       71%         4
 Flame Wave               Conj/Fire      15%        2d7       71%         4
 Fulminant Prism          Conj/Alch      5%         3d7       71%         4
 Borgnjor's Vile Clutch   Necr/Erth      11%        N/A       73%         5
 Leda's Liquefaction      Alch/Erth      3%         N/A       78%         4
 Olgreb's Toxic Radiance  Alch           6%         N/A       78%         4
 Sticky Flame             Fire/Alch      10%        2d5       78%         4
 Arcjolt                  Conj/Air       9%         1d19      83%         5
 Death Channel            Necr           19%        N/A       86%         6
 Freezing Cloud           Conj/Ice/Air   7%         6-21      90%         5
 Iskenderun's Battlesphe  Conj           14%        2d7       90%         5
 Silence                  Hex/Air        7%         N/A       90%         5
 Dispersal                Tloc           17%        N/A       95%         6
 Fireball                 Conj/Fire      7%         3d5       96%         5
 Alistair's Intoxication  Alch           4%         N/A       98%         5
 Lee's Rapid Deconstruct  Erth           3%         3d5*      98%         5
 Yara's Violent Unravell  Hex/Alch       3%         3d4       98%         5
 Bombard                  Conj/Erth      5%         9d2       100%        6
 Conjure Ball Lightning   Conj/Air       9%         3x3d6     100%        6
 Eringya's Noxious Bog    Alch           3%         4d6       100%        6
 Plasma Beam              Fire/Air       11%        2x1d22    100%        6
 Sculpt Simulacrum        Ice/Alch       3%         N/A       100%        6
 Starburst                Conj/Fire      7%         6d4       100%        6
 Summon Cactus Giant      Summ           3%         N/A       100%        6
 Enfeeble                 Hex            3%         N/A       100%        7
 Orb of Destruction       Conj           7%         9d6       100%        7
 Spellforged Servitor     Conj/Summ      5%         N/A       100%        7
 Discord                  Hex            3%         N/A       100%        8
 Disjunction              Tloc           17%        N/A       100%        8
 Lehudib's Crystal Spear  Conj/Erth      5%         10d3      100%        8
 Maxwell's Capacitive Co  Air            11%        ∞         100%        8
 Dimensional Bullseye     Hex/Tloc       Unusable   N/A       N/A         4
 Animate Armour           Summ/Erth      Unusable   N/A       N/A         4

Dungeon Overview and Level Annotations

Branches:
Dungeon (15/15)            Temple (1/1) D:7            Lair (5/5) D:8
 Shoals (4/4) Lair:2       Spider (4/4) Lair:3        Slime (0/5) Lair:4
    Orc (2/2) D:10            Elf (3/3) Orc:2        Vaults (5/5) D:13
  Crypt (3/3) Vaults:2       Tomb (0/3) Crypt:3      Depths (4/4) D:15
    Zot (5/5) Depths:4     Bailey (visited)           IceCv (visited)
Gauntlet (visited)

Altars:
Ashenzari
Cheibriados
Dithmenos
Elyvilon
Fedhas
Gozag
Hepliaklqana
Kikubaaqudgha
Makhleb
Nemelex Xobeh
Okawaru
Qazlal
Ru
Sif Muna
Trog
Uskayaw
Vehumet
Wu Jian
Xom
Yredelemnul
Zin
The Shining One

Shops:
D:5 (   D:10 *   D:15 !   Orc:2 *[[   Elf:1 [   Elf:3 [**([   Vaults:4 (
Depths:1 ?

Portals:
Hell: Depths:2 Depths:3 Depths:4
Abyss: Depths:1 Depths:3
Pandemonium: Depths:2
Ziggurat: Depths:1

Annotations:
D:13 exclusion: 3 oklob plants
Shoals:3 2 runed translucent doors, Tainn's ghost, adept MiFi
Spider:1 2 transporters, Implojin's ghost, adept DEBr
Elf:2 5 runed translucent doors
Depths:1 exclusions: 3 hell hogs, hell knight and 2 more exclusions
Zot:2 exclusion: 2 upstairs
Zot:3 exclusion: 2 upstairs
Zot:4 exclusion: 4 upstairs
Zot:5 exclusion: 2 upstairs


Innate Abilities, Weirdness & Mutations

You are a living statue of rough stone.
Your actions are slow, but your melee attacks are powerful.
You are resistant to unholy torment.
Your maximum health is greatly increased.
You are immune to poison.
You have sharp claws.
You have razor-sharp teeth.
You have supernaturally acute eyesight. (SInv)
((Your thick and shaggy fur keeps you warm. (AC +3, rC+)))
Your paws help you pounce on unaware monsters.
You are incapable of wielding weapons or throwing items.
You cannot wear armour.
You gain extra lives every three experience levels.
You are very agile. (Dex +8, Str/Int -2)
Your body often deteriorates upon taking damage.
You do not regenerate when monsters are visible.
Your spells are a little harder to cast, but a little more powerful.


Message History

You barely miss the profane servitor.
The profane servitor is heavily damaged.
The profane servitor completely misses you. x2
The great orb of eyes completely misses you.
The profane servitor completely misses you.
The profane servitor closely misses you.
You mangle the profane servitor!!
The profane servitor is heavily damaged.
The profane servitor hits you with a +3 whip.
The profane servitor hits you but does no damage.
The great orb of eyes misses you.
You eviscerate the profane servitor!!! Your bite misses the profane servitor.
The profane servitor is almost destroyed.
The profane servitor hits you with a +3 whip!
The profane servitor misses you.
You eviscerate the profane servitor!!!
You destroy the profane servitor!
The Shining One accepts your kill.
You feel better.
The great orb of eyes completely misses you.
A hellion comes into view.
The hellion gestures at you.
The sphere of damnation explodes!
The damnation engulfs you!!
The damnation engulfs the great orb of eyes!!
The great orb of eyes gazes at you. You resist with almost no effort.
There is a staircase leading out of the dungeon here.
You see here a +3 whip.
You can't go down here!
Unknown command.
The hellion gestures at you.
The sphere of damnation explodes!
The damnation engulfs you!!
* * * LOW HITPOINT WARNING * * *
The damnation engulfs the great orb of eyes!!
The great orb of eyes completely misses you.
The hellion gestures at you.
The sphere of damnation explodes!
The damnation engulfs you!!
* * * LOW HITPOINT WARNING * * *
The damnation engulfs the great orb of eyes!
You have escaped!

##.#.........................#
##.#...................#####.####
##.#.###.....#.#.#.#.#.# #.......
##...###+#.#..#.#.#.#..###.#..###
####.#.....#.#.#.#.#.#.##.....# #
#.#.....#..#.#.#.#..##..#..#
####.......#.#.≈≈≈≈~.#.##..#..#
...........#..#≈)..~#.........#
########.###.#.≈8G.~.#..#..#..# #
#.....# #X.#≈...~#......#..#
#.....# #.#.≈≈≈≈~.#..##.#..#
####.....# #..#.#.#.#...#.....#
...'.....###.#.#.#.#.#..#..#.##
####..........#.#.#.#...#..#.####
.............#.#.#.#.#...........
..........2................######
................##..#.###..#


You could see an Orb Guardian, a great orb of eyes and a hellion.

Vanquished Creatures
  4 orbs of fire (Zot:5)
  9 dread liches
  5 ancient liches
  Boris (Depths:3)
  Sojobo (Depths:1)
  5 Killer Klowns (Zot:5)
  A curse toe (Crypt:3)
  3 golden dragons
  Nikola (Spider:1)
  Norris (Elf:3)
  A profane servitor (D:1)
  A Brimstone Fiend (D:15)
  the Enchantress (Depths:2)
  Arachne (Spider:2)
  A shard shrike zombie (Crypt:3)
  7 tentacled monstrosities
  3 electric golems (Zot:5)
  A Hell Sentinel (D:1)
  Jorgrun (Spider:1)
  8 liches
  27 Orb Guardians
  2 deep elf blademasters (Elf:3)
  5 quicksilver dragons
  A walking divine tome (Depths:3)
  A deep elf master archer (Elf:3)
  3 titans (Vaults:5)
  5 sphinxes
  2 krakens
  A death cob (Zot:4)
  5 ancient champions
  An Executioner (D:1)
  Kirke (Spider:1)
  12 tengu reavers
  10 shadow dragons
  8 revenants
  9 storm dragons
  A protean progenitor (Zot:5)
  2 draconian monks
  2 draconian knights (Zot:1)
  A demonspawn warmonger (D:1)
  9 frost giants
  6 deep elf sorcerers (Elf:3)
  2 iron dragons (Vaults:5)
  4 draconian scorchers
  6 fire giants
  4 emperor scorpions
  3 draconian shifters
  2 curse skulls
  A balrug (Depths:1)
  15 vault wardens
  2 ghost moths
  Louise (Spider:1)
  4 deep elf elementalists (Elf:3)
  6 spriggan defenders
  A draconian stormcaller (Zot:1)
  6 ghouls
  7 very ugly things
  2 formless jellyfish
  20 ironbound preservers
  2 draconian annihilators
  4 caustic shrike skeletons (Depths:2)
  7 ironbound thunderhulks
  A demonspawn black sun (D:1)
  10 stone giants
  3 broodmothers
  6 deep elf demonologists (Elf:3)
  10 vampire knights
  3 eleionomae (Depths:2)
  3 black draconians
  7 white draconians
  3 minotaurs
  2 yellow draconians
  3 lorocyprocas
  10 red draconians
  6 dire elephants
  7 deep elf death magi
  5 purple draconians
  10 spark wasps
  A war gargoyle (Vaults:2)
  5 deep elf annihilators
  Azrael (D:14)
  4 eidola
  A green death (D:2)
  Josephine (Lair:5)
  Snorg (D:10)
  A crystal guardian (Vaults:2)
  12 ettins
  A spectral kraken (Shoals:2)
  6 entropy weavers
  6 fire dragons
  21 jiangshi
  2 merfolk impalers
  3 merfolk javelineers
  6 deep elf high priests
  38 vault guards
  A fenstrider witch zombie (Crypt:3)
  14 yaktaur captains
  2 great orbs of eyes (Vaults:2)
  6 rakshasas
  2 spriggan zombies
  6 spriggan air magi
  A peacekeeper (Vaults:2)
  A spriggan skeleton (Crypt:3)
  5 ice dragons
  3 ogre magi
  7 hydras
  4 jorogumos
  9 centaur warriors
  2 merfolk avatars
  3 radroaches
  3 ironbound frosthearts
  A merfolk aquamancer (Shoals:4)
  A catoblepas (Gauntlet)
  A death knight (Crypt:3)
  3 ghost crabs (Shoals:2)
  9 tengu warriors
  13 two-headed ogres
  An Orb Guardian skeleton (Crypt:1)
  26 death yaks
  7 death scarabs (Spider:4)
  10 satyrs
  8 boulder beetles
  Urug (Orc:2)
  26 dancing weapons
  5 deep troll shamans
  9 vampire magi
  5 deep troll earth magi
  7 demonic crawlers
  An occultist (Depths:2)
  7 spriggan berserkers
  2 titan zombies
  Sonja (Orc:2)
  A spectral emperor scorpion (Spider:4)
  9 orc high priests
  3 hell knights
  6 soul eaters
  2 sun demons (Depths:1)
  Nergalle (Lair:3)
  17 deep elf knights
  2 fire crabs (Gauntlet)
  2 shadow wraiths
  13 pharaoh ants
  A salamander mystic (Depths:1)
  A cherub (D:7)
  28 skeletal warriors
  9 skysharks
  A sixfirhy (D:9)
  47 deep trolls
  3 iron trolls
  12 sea snakes
  3 sun moths
  2 bog bodies (Crypt:3)
  9 orb spiders
  10 flayed ghosts
  An orange crystal statue (Crypt:3)
  11 deep elf archers
  7 spriggan druids (Depths:2)
  2 glowing orange brains
  A death drake (shapeshifter) (Vaults:5)
  2 arcanists
  15 ironbound convokers
  19 harpies
  13 lindwurms
  4 orc knights
  A shock serpent (shapeshifter) (Depths:3)
  An anaconda skeleton (Crypt:3)
  A spectral wolf spider (Spider:4)
  A broodmother zombie (Spider:4)
  A wolf spider zombie (Spider:4)
  11 phantasmal warriors
  23 deep elf pyromancers
  28 ugly things
  5 necromancers
  5 steelbarb worms
  An iron dragon zombie (Crypt:2)
  21 deep elf zephyrmancers
  5 orc sorcerers
  22 wolf spiders
  An alligator skeleton (Crypt:3)
  4 cyclopes
  16 manticores
  3 salamanders (Depths:1)
  13 fauns
  A fire giant skeleton (Crypt:2)
  3 spectral merfolk (Shoals:2)
  Maurice (D:11)
  10 moths of wrath
  An ice statue (IceCv)
  A guardian serpent (Lair:5)
  7 merfolk sirens
  A toenail golem (D:1)
  13 meliai
  9 torpor snails
  21 vault sentinels
  A water nymph (shapeshifter) (Vaults:5)
  A kobold blastminer (Orc:2)
  11 black mambas
  6 elephants
  A smoke demon (Depths:1)
  10 water nymphs
  3 gargoyles
  A spectral sea snake (Shoals:2)
  17 cane toads
  22 yaktaurs
  7 komodo dragons
  2 unseen horrors
  8 rime drakes
  A swamp worm zombie (Crypt:2)
  3 freezing wraiths
  A minotaur zombie (Gauntlet)
  5 tengu conjurers
  A spectral redback (Spider:4)
  An alligator snapping turtle skeleton (Crypt:3)
  A harpy zombie (Crypt:1)
  A grey draconian skeleton (Crypt:1)
  5 guardian mummies (Crypt:3)
  A spectral water nymph (Shoals:2)
  20 merfolk
  A black draconian skeleton (Crypt:3)
  2 catoblepas skeletons
  4 hellwings (D:1)
  A merfolk (shapeshifter) (Vaults:5)
  8 trolls
  A minotaur skeleton (Crypt:1)
  A hydra zombie (Crypt:3)
  2 spectral tarantellas (Spider:4)
  3 tyrant leeches (Lair:5)
  23 hornets
  2 spectral culicivoras (Spider:4)
  7 polar bears
  20 dream sheep
  4 jumping spider zombies (Spider:4)
  35 tarantellas
  A raiju (shapeshifter) (D:13)
  7 wind drakes
  34 slime creatures
  2 spectral jumping spiders (Spider:4)
  29 blink frogs
  8 snapping turtles
  2 spectral guardian serpents (Crypt:2)
  A glass eye (shapeshifter) (Vaults:5)
  A tarantella zombie (Spider:4)
  An ettin skeleton (Crypt:1)
  A fire dragon skeleton (Crypt:2)
  Sigmund (D:5)
  14 water elementals
  38 jumping spiders
  A centaur simulacrum (Crypt:1)
  A spectral wind drake (Shoals:2)
  25 culicivoras
  41 spriggans (Depths:2)
  15 wyverns
  8 fire bats (Gauntlet)
  2 yaks (shapeshifter)
  11 wraiths
  A shadow (D:12)
  3 air elementals
  2 basilisks
  72 yaks
  13 wargs
  67 redbacks
  2 golden eyes
  A hog (Spider:1)
  4 steam dragons
  Grum (D:10)
  6 vampire mosquitoes
  7 fire elementals
  A redback (shapeshifter) (Vaults:5)
  2 acid dragons (D:10)
  A swamp worm (shapeshifter) (Depths:4)
  2 water nymph zombies
  2 hell hounds (D:14)
  26 water moccasins
  4 black bears
  A hornet zombie (Crypt:3)
  A sky beast (D:6)
  18 orc warriors
  33 laughing skulls
  17 wolves
  A dream sheep skeleton (Crypt:2)
  14 ogres
  A lindwurm skeleton (Crypt:2)
  5 centaurs
  A phantom (D:5)
  A hog skeleton (Crypt:1)
  A spectral cyclops (Shoals:2)
  7 kobold brigands
  A fire crab zombie (Crypt:3)
  A gnoll sergeant (D:10)
  10 bullfrogs
  A wyvern zombie (Crypt:2)
  An earth elemental (Elf:2)
  4 necrophages
  2 scorpions
  A burial acolyte (D:5)
  5 wights (D:8)
  11 killer bees
  A killer bee (shapeshifter) (Vaults:5)
  3 howler monkeys (D:14)
  4 electric eels
  A raiju skeleton (Crypt:1)
  2 bombardier beetles
  7 jellies
  5 hounds
  3 gnoll boudas
  32 orc priests
  A sleepcap (D:6)
  4 iguanas
  Ijyb (D:5)
  20 orc wizards
  5 hell rats (Lair:1)
  A tengu zombie (Crypt:1)
  An ogre zombie (Crypt:3)
  An ogre skeleton (Crypt:1)
  7 mummies (Crypt:3)
  16 gnolls
  5 adders
  3 river rats (Lair:1)
  5 shadow imps
  4 ufetubi
  A jelly zombie (Crypt:1)
  3 adder zombies (D:5)
  4 ribbon worms
  6 dart slugs
  71 orcs
  10 ball pythons
  10 endoplasms
  A giant cockroach (D:1)
  3 gnoll zombies (D:5)
  11 goblins
  6 hobgoblins
  4 jackals (D:1)
  6 quokkas
  4 bats
  2 frilled lizards (D:2)
  27 kobolds
  A kobold skeleton (Crypt:3)
  A kobold zombie (D:5)
  13 rats
  A butterfly (Lair:3)
  8 tentacles
2337 creatures vanquished.

Vanquished Creatures (others)
  A merfolk avatar (Shoals:3)
  A sea snake (Shoals:3)
  A harpy (Shoals:4)
  3 deep elf zephyrmancers
  A deep elf pyromancer (Elf:1)
  27 tentacles
34 creatures vanquished.

Grand Total: 2371 creatures vanquished

Notes
Turn   | Place    | Note
-------+----------+-------------------------------------------
     0 | D:1      | bakla the Felid Air Elementalist began the quest for the
                  | Orb.
     0 | D:1      | Reached XP level 1. HP: 9/9 MP: 4/4
    28 | D:1      | Reached skill level 1 in Conjurations
   130 | D:1      | Reached XP level 2. HP: 14/14 MP: 1/6
   207 | D:1      | Learned a level 2 spell: Static Discharge
   565 | D:1      | Reached skill level 1 in Fighting
   737 | D:1      | Reached XP level 3. HP: 14/18 MP: 4/7
   807 | D:1      | Learned a level 3 spell: Swiftness
  1659 | D:2      | Reached skill level 1 in Unarmed Combat
  1736 | D:2      | Reached XP level 4. HP: 22/22 MP: 3/8
  1736 | D:2      | Gained a life (2 lives remaining)
  2544 | D:3      | Found a sparkling altar of Nemelex Xobeh.
  2861 | D:3      | Found a bloodstained altar of Trog.
  2981 | D:3      | Reached skill level 1 in Shapeshifting
  3478 | D:4      | Slain by an iguana
  3478 | D:4      | Lost a life (1 life remaining)
  3574 | D:4      | Reached XP level 5. HP: 26/26 MP: 2/9
  3663 | D:4      | Found a transporter.
  3667 | D:4      | Found a transporter.
  3987 | D:3      | Found a basalt altar of Yredelemnul.
  3987 | D:3      | Found a shimmering altar of Xom.
  4214 | D:4      | Gained mutation: You are covered in thick fur. (AC +2)
                  | [Felid growth]
  4214 | D:4      | Reached XP level 6. HP: 28/32 MP: 0/10
  4416 | D:5      | Entered Level 5 of the Dungeon
  4513 | D:5      | Noticed Ijyb
  4539 | D:5      | Gained mutation: You occasionally lose the ability to drink
                  | potions when taking damage. [potion of mutation]
  4539 | D:5      | Gained mutation: You are partially covered in iridescent
                  | scales. (AC +2) [potion of mutation]
  4539 | D:5      | Gained mutation: You passively dampen the noise of your
                  | surroundings. [potion of mutation]
  4763 | D:5      | Found Vaucit's Antique Weapon Boutique.
  4824 | D:5      | Reached skill level 5 in Dodging
  5133 | D:5      | Reached XP level 7. HP: 28/36 MP: 3/11
  5133 | D:5      | Gained a life (2 lives remaining)
  5245 | D:5      | Demolished by an ogre
  5245 | D:5      | Lost a life (1 life remaining)
  5299 | D:5      | Noticed Sigmund
  5652 | D:5      | Found a blossoming altar of Fedhas.
  5683 | D:5      | Killed Ijyb
  5841 | D:5      | Reached XP level 8. HP: 42/42 MP: 3/12
  6281 | D:5      | Found an ancient bone altar of Kikubaaqudgha.
  6550 | D:5      | Killed Sigmund
  6850 | D:6      | Reached skill level 5 in Fighting
  7300 | D:6      | Learned a level 2 spell: Blink
  7357 | D:6      | Reached skill level 5 in Unarmed Combat
  7707 | D:6      | Found a glowing silver altar of Zin.
  7916 | D:6      | Reached XP level 9. HP: 48/48 MP: 8/13
  8652 | D:7      | Found a flagged portal.
  8671 | Bailey   | Entered a bailey
  8947 | Bailey   | Noticed an orc knight
  8956 | Bailey   | Killed an orc knight
  8957 | Bailey   | Reached skill level 5 in Shapeshifting
  9559 | Bailey   | Found a burning altar of Makhleb.
 10044 | D:7      | Found a staircase to the Ecumenical Temple.
 10053 | Temple   | Entered the Ecumenical Temple
 10059 | Temple   | Became a worshipper of the Wu Jian Council
 10368 | D:7      | Reached XP level 10. HP: 16/55 MP: 9/14
 10368 | D:7      | Gained a life (2 lives remaining)
 11054 | D:8      | Found a staircase to the Lair.
 11094 | D:8      | Reached skill level 10 in Dodging
 11411 | D:8      | Reached * piety under Wu Jian
 12225 | D:9      | Noticed a two-headed ogre
 12427 | D:9      | Killed a two-headed ogre
 13140 | D:9      | Reached XP level 11. HP: 58/60 MP: 15/15
 13980 | D:10     | Entered Level 10 of the Dungeon
 14079 | D:10     | Found a staircase to the Orcish Mines.
 14191 | D:10     | Reached ** piety under Wu Jian
 14528 | D:10     | Noticed Snorg
 14530 | D:10     | Noticed Grum
 14750 | Lair:1   | Entered Level 1 of the Lair of Beasts
 15247 | Lair:1   | Mangled by a komodo dragon
 15247 | Lair:1   | Lost a life (1 life remaining)
 15308 | Lair:1   | Noticed a skyshark
 15330 | Lair:1   | Killed a skyshark
 16775 | Lair:1   | Reached *** piety under Wu Jian
 16876 | Lair:1   | You fall into a shaft and drop 1 floor!
 16878 | Lair:2   | Upgraded the game from 0.32-a0-7-ge934b4519a to
                  | 0.32-a0-12-g7fc57aa741
 17851 | Lair:1   | Gained mutation: Your thick and shaggy fur keeps you warm.
                  | (AC +3, rC+) [Felid growth]
 17851 | Lair:1   | Reached XP level 12. HP: 56/67 MP: 16/16
 18946 | Lair:2   | Found a staircase to the Shoals.
 20064 | Lair:3   | HP: 3/66 [komodo dragon (28)]
 20280 | Lair:3   | Noticed a fire dragon
 20368 | Lair:3   | Reached skill level 10 in Fighting
 20368 | Lair:3   | Reached skill level 10 in Shapeshifting
 20501 | Lair:3   | Reached skill level 10 in Unarmed Combat
 20706 | Lair:3   | Noticed a boulder beetle
 20713 | Lair:3   | Killed a boulder beetle
 20815 | Lair:3   | Noticed a four-headed hydra
 21033 | Lair:3   | Found a hole to the Spider Nest.
 21061 | Lair:3   | Killed a four-headed hydra
 21171 | Lair:3   | Noticed a death yak
 21171 | Lair:3   | Noticed a death yak
 21197 | Lair:3   | Killed a death yak
 21197 | Lair:3   | Noticed a death yak
 21203 | Lair:3   | Killed a death yak
 21211 | Lair:3   | Killed a death yak
 21388 | Lair:3   | Reached XP level 13. HP: 64/72 MP: 12/17
 21388 | Lair:3   | Gained a life (2 lives remaining)
 21533 | Lair:3   | Reached **** piety under Wu Jian
 21551 | Lair:3   | Noticed Nergalle
 21565 | Lair:3   | Slain by a spectral orc warlord
 21565 | Lair:3   | Lost a life (1 life remaining)
 22084 | Lair:3   | Killed Nergalle
 23064 | Lair:4   | Found a staircase to the Slime Pits.
 24648 | Lair:4   | Learned a level 4 spell: Summon Lightning Spire
 24956 | Lair:5   | Entered Level 5 of the Lair of Beasts
 25570 | Lair:5   | Noticed Josephine
 26012 | Lair:5   | Killed Josephine
 26013 | Lair:5   | Reached XP level 14. HP: 79/79 MP: 16/18
 26154 | Lair:5   | Paralysed by a hornet for 2 turns
 26392 | Lair:5   | Paralysed by a hornet for 3 turns
 26612 | Lair:5   | Reached ***** piety under Wu Jian
 27485 | Lair:5   | Got Vehumet's Discourse on Traumaturgy
 28054 | D:10     | Found Emoo's Assorted Antiques.
 28072 | D:10     | Bought a scroll of blinking for 202 gold pieces
 28072 | D:10     | Bought a wand of roots (4) for 259 gold pieces
 28297 | D:10     | Killed Snorg
 28341 | D:10     | Killed Grum
 28464 | D:11     | Noticed Maurice
 28466 | D:11     | Killed Maurice
 28524 | D:11     | Found Tickonae's Distillery.
 28532 | D:11     | Bought a potion of curing for 42 gold pieces
 28532 | D:11     | Bought a potion of haste for 140 gold pieces
 28532 | D:11     | Bought a potion of cancellation for 112 gold pieces
 28532 | D:11     | Bought a potion of cancellation for 112 gold pieces
 28532 | D:11     | Bought 2 potions of invisibility for 224 gold pieces
 28653 | D:11     | Reached skill level 15 in Shapeshifting
 28758 | D:11     | Found a snail-covered altar of Cheibriados.
 29065 | D:12     | Found a frozen archway.
 29076 | IceCv    | Entered an ice cave
 29256 | IceCv    | Reached XP level 15. HP: 84/84 MP: 19/19
 29598 | IceCv    | Noticed a frost giant
 29607 | IceCv    | Killed a frost giant
 29685 | IceCv    | Got Fowy's Secrets of Hypothermia
 30876 | D:13     | Found a gate to the Vaults.
 30877 | D:13     | Noticed a frost giant
 30884 | D:13     | Killed a frost giant
 31109 | D:13     | Identified a scroll of acquirement
 31234 | D:13     | Acquired 672 gold pieces
 31432 | D:14     | Reached ****** piety under Wu Jian
 31806 | D:14     | Noticed Azrael
 31826 | D:14     | Killed Azrael
 31885 | D:14     | Reached skill level 15 in Dodging
 32052 | D:15     | Entered Level 15 of the Dungeon
 32059 | D:15     | Found a gate leading to a gauntlet.
 32059 | D:15     | Found Zapnikk's Distillery.
 32075 | Gauntlet | Entered a Gauntlet
 32075 | Gauntlet | Found a transporter.
 32082 | Gauntlet | Found a transporter.
 32085 | Gauntlet | Found a transporter.
 32086 | Gauntlet | Found a transporter.
 32205 | Gauntlet | Found a transporter.
 32205 | Gauntlet | Found a transporter.
 32206 | Gauntlet | Found a transporter.
 32214 | Gauntlet | Found a transporter.
 32214 | Gauntlet | Found the +2 hood of the Assassin {Detect Stab+ Stlth++}
 32217 | Gauntlet | Found a transporter.
 32218 | Gauntlet | Found a transporter.
 32229 | Gauntlet | Found a transporter.
 32229 | Gauntlet | Found a transporter.
 32230 | Gauntlet | Found a transporter.
 32243 | Gauntlet | Found a transporter.
 32687 | Gauntlet | Identified the staff of the Rattlesnake {rElec rN+ Necro}
 32852 | D:15     | Reached XP level 16. HP: 91/91 MP: 20/20
 32852 | D:15     | Gained a life (2 lives remaining)
 33148 | D:15     | Lost mutation: You passively dampen the noise of your
                  | surroundings. [potion of mutation]
 33148 | D:15     | Lost mutation: You occasionally lose the ability to drink
                  | potions when taking damage. [potion of mutation]
 33148 | D:15     | Lost mutation: You are partially covered in iridescent
                  | scales. (AC +2) [potion of mutation]
 33148 | D:15     | Gained mutation: You have hidden genetic potential. [potion
                  | of mutation]
 33148 | D:15     | Gained mutation: You are agile. (Dex +4, Str/Int -1)
                  | [potion of mutation]
 33227 | D:15     | Found a staircase to the Depths.
 33524 | Orc:1    | Entered Level 1 of the Orcish Mines
 33807 | Orc:2    | Entered Level 2 of the Orcish Mines
 33906 | Orc:2    | Noticed Sonja
 33919 | Orc:2    | Killed Sonja
 33954 | Orc:2    | Found a staircase to the Elven Halls.
 33974 | Orc:2    | Noticed Urug
 33985 | Orc:2    | Killed Urug
 34227 | Orc:2    | Found Osiedi Cuth's General Store.
 34244 | Orc:2    | Bought a potion of curing for 30 gold pieces
 34244 | Orc:2    | Bought a potion of heal wounds for 50 gold pieces
 34244 | Orc:2    | Bought 2 potions of might for 80 gold pieces
 34244 | Orc:2    | Bought a +5 ring of evasion for 360 gold pieces
 34249 | Orc:2    | Found Hiylinog's Antique Armour Shoppe.
 34479 | Orc:2    | Found Joas's Antique Armour Shoppe.
 34967 | Spider:1 | Entered Level 1 of the Spider Nest
 34968 | Spider:1 | Noticed Jorgrun
 34991 | Spider:1 | Killed Jorgrun
 35124 | Spider:1 | Noticed Nikola
 35128 | Spider:1 | Killed Nikola
 35272 | Spider:1 | Noticed Louise
 35294 | Spider:1 | Killed Louise
 35361 | Spider:1 | Found a transporter.
 35361 | Spider:1 | Noticed Implojin's ghost (adept DEBr)
 35371 | Spider:1 | Found a transporter.
 35454 | Spider:1 | Noticed Kirke
 35468 | Spider:1 | Killed Kirke
 35822 | Spider:1 | Reached skill level 15 in Fighting
 35940 | Spider:2 | Reached XP level 17. HP: 96/99 MP: 21/21
 36196 | Spider:2 | Reached skill level 15 in Unarmed Combat
 36366 | Spider:2 | Gained mutation: You are very agile. (Dex +8, Str/Int -2)
                  | [hidden potential]
 36492 | Spider:2 | Noticed Arachne
 36509 | Spider:2 | Killed Arachne
 36989 | Spider:3 | Acquired a manual of Fighting
 38211 | Spider:4 | Entered Level 4 of the Spider Nest
 39177 | Spider:4 | Reached XP level 18. HP: 108/108 MP: 22/22
 39386 | Spider:4 | Gained mutation: Your spells are a little harder to cast,
                  | but a little more powerful. [hidden potential]
 39386 | Spider:4 | Lost mutation: You have hidden genetic potential. [hidden
                  | potential expressed]
 39623 | Spider:4 | Got a gossamer rune of Zot
 39634 | Spider:4 | Identified the +2 hat "Joddo" {Will+}
 39908 | Shoals:1 | Entered Level 1 of the Shoals
 42394 | Shoals:3 | Found a large runed translucent door.
 42394 | Shoals:3 | Found a large runed translucent door.
 42394 | Shoals:3 | Noticed Tainn's ghost (adept MiFi)
 42975 | Shoals:4 | Entered Level 4 of the Shoals
 42975 | Shoals:4 | Found the +8 mithril axe "Arga" {speed, Will+}
 43183 | Shoals:4 | Reached XP level 19. HP: 118/118 MP: 23/23
 43410 | Shoals:4 | Got a barnacled rune of Zot
 44076 | Elf:1    | Entered Level 1 of the Elven Halls
 44252 | Elf:1    | Paralysed by an air elemental for 1 turns
 44343 | Elf:1    | Found Qoump's Armour Shoppe.
 45271 | Elf:2    | Found a huge runed translucent gate.
 45271 | Elf:2    | Found a huge runed translucent gate.
 45271 | Elf:2    | Found a huge runed translucent gate.
 45277 | Elf:2    | Found a huge runed translucent gate.
 45279 | Elf:2    | Found a huge runed translucent gate.
 45328 | Elf:3    | Entered Level 3 of the Elven Halls
 45583 | Elf:3    | Found Zetouro's Weapon Shop.
 45586 | Elf:3    | Found Itsu's Antique Armour Shop.
 45586 | Elf:3    | Found Vyvupiyj's General Store.
 45589 | Elf:3    | Found Bazamaukk's Assorted Antiques.
 45592 | Elf:3    | Paralysed by an air elemental for 1 turns
 45639 | Elf:3    | Bought the ring "Ifydyq" {EV+5 Str+3 Int+3} for 611 gold
                  | pieces
 45639 | Elf:3    | Bought a scroll of fear for 44 gold pieces
 45642 | Elf:3    | Bought a potion of haste for 250 gold pieces
 45642 | Elf:3    | Bought a scroll of teleportation for 75 gold pieces
 45642 | Elf:3    | Bought a wand of digging (3) for 315 gold pieces
 45776 | Elf:3    | Reached XP level 20. HP: 124/124 MP: 24/24
 45793 | Elf:3    | Identified the ring "Acka" {rElec rC+ Will- rCorr EV+5}
 45813 | Elf:3    | Identified the amulet of Joy {Spirit +Inv rF- Int+4 SInv}
 45818 | Elf:3    | Identified the +8 flail "Ullief" {elec, *Noise rCorr Str+3}
 45822 | Elf:3    | Found the +3 warlock's mirror {omnireflect}
 45929 | Elf:3    | Identified the +4 short sword of Mastery {antimagic, rCorr}
 45941 | Elf:3    | Identified the +5 orcbow of Loqeheut {elec, Will- Dex+5}
 46005 | Elf:3    | Identified the staff of Neitew {rElec rC+ rN+ Will+ Air}
 46020 | Elf:3    | Identified the +4 sling of Chance {speed, rN+ rCorr}
 46023 | Elf:3    | Identified the ring "Zalic" {^Contam Will+ Int+5}
 46140 | Elf:3    | Noticed Norris
 46149 | Elf:3    | Killed Norris
 46294 | Elf:3    | Found Etilan's Armour Emporium.
 46806 | Vaults:1 | Entered Level 1 of the Vaults
 46837 | Vaults:1 | Learned a level 3 spell: Fugue of the Fallen
 46927 | Vaults:1 | Reached skill level 1 in Necromancy
 47604 | Vaults:4 | Reached skill level 5 in Spellcasting
 47700 | Vaults:4 | Found the +8 demon blade "Leech" {evervamp, Harm ^Drain
                  | rN+}
 47701 | Vaults:4 | Noticed a golden dragon
 47781 | Vaults:4 | Reached skill level 5 in Necromancy
 47932 | Vaults:4 | Killed a golden dragon
 48294 | Vaults:4 | Found Xionuha's Antique Weapon Shop.
 48448 | Vaults:5 | Entered Level 5 of the Vaults
 48460 | Vaults:5 | Reached XP level 21. HP: 129/129 MP: 26/29
 48499 | Vaults:5 | Noticed an ancient lich
 48507 | Vaults:5 | Killed an ancient lich
 48540 | Vaults:5 | Identified the +2 mace "Hecag" {heavy, Str+6}
 48909 | Vaults:5 | Found the +7 captain's cutlass {speed, disarm}
 49023 | Vaults:5 | Got a silver rune of Zot
 49026 | Vaults:5 | Got a shining gem with 629 turns to spare
 49181 | Vaults:5 | Identified the +1 morningstar "Relubats" {drain, ^Drain
                  | Will++ rCorr Stlth+}
 49446 | Vaults:5 | Lost the shining gem through the power of Zot.
 49707 | Vaults:1 | Reached XP level 22. HP: 134/134 MP: 30/30
 50213 | Depths:1 | Entered Level 1 of the Depths
 50234 | Depths:1 | Found a one-way gateway to a ziggurat.
 50350 | Vaults:2 | Reached skill level 1 in Invocations
 50362 | Vaults:2 | Reached skill level 2 in Invocations
 50465 | Vaults:2 | Reached skill level 3 in Invocations
 50624 | Vaults:2 | Found the +9 sword of Power {lifebolt}
 50625 | Vaults:2 | Reached skill level 4 in Invocations
 50643 | Vaults:2 | Reached skill level 5 in Invocations
 50693 | Vaults:2 | Found a staircase to the Crypt.
 50693 | Vaults:2 | Found a basalt altar of Yredelemnul.
 50694 | Vaults:2 | Found an ancient bone altar of Kikubaaqudgha.
 50704 | Crypt:1  | Entered Level 1 of the Crypt
 50726 | Crypt:1  | Reached skill level 6 in Invocations
 50806 | Crypt:1  | Reached skill level 7 in Invocations
 50941 | Crypt:1  | Reached skill level 8 in Invocations
 51559 | Crypt:2  | Reached skill level 9 in Invocations
 51637 | Crypt:2  | Reached skill level 10 in Invocations
 52025 | Crypt:3  | Entered Level 3 of the Crypt
 52029 | Crypt:3  | Found the crystal ball of Wucad Mu {*channel}
 52029 | Crypt:3  | Found the +5 scythe "Finisher" {speed, execute}
 52033 | Crypt:3  | Noticed a curse toe
 52038 | Crypt:3  | Reached skill level 1 in Translocations
 52044 | Crypt:3  | Reached skill level 11 in Invocations
 52061 | Crypt:3  | Noticed a dread lich
 52072 | Crypt:3  | Killed a dread lich
 52073 | Crypt:3  | Reached skill level 5 in Translocations
 52073 | Crypt:3  | Reached XP level 23. HP: 139/139 MP: 32/32
 52081 | Crypt:3  | Reached skill level 12 in Invocations
 52122 | Crypt:3  | Reached skill level 13 in Invocations
 52130 | Crypt:3  | Killed a curse toe
 52325 | Crypt:3  | Found a staircase to the Tomb.
 52388 | Crypt:3  | Noticed an ancient lich
 52435 | Crypt:3  | Killed an ancient lich
 52450 | Crypt:3  | Identified the staff "Haapocel" {+Blink rPois rN+ rCorr
                  | Stlth+ Alchemy}
 52666 | Crypt:3  | Reached skill level 14 in Invocations
 52778 | Crypt:3  | Got the Vademecum on Death
 53206 | Vaults:2 | Reached skill level 15 in Invocations
 53706 | Depths:1 | Reached skill level 16 in Invocations
 53713 | Depths:1 | Found Yvanurot's Magic Scroll Shop.
 53730 | Depths:1 | Bought 2 scrolls of fear for 152 gold pieces
 53848 | Depths:1 | Noticed Sojobo
 53858 | Depths:1 | Killed Sojobo
 53897 | Depths:1 | Found a one-way gate to the infinite horrors of the Abyss.
 54128 | Depths:1 | Found a hide-covered altar of Uskayaw.
 54393 | Depths:2 | Found a one-way gate leading to the halls of Pandemonium.
 54398 | Depths:2 | Found a bloodstained altar of Trog.
 54408 | Depths:2 | Reached skill level 17 in Invocations
 54593 | Depths:2 | Found a gateway to Hell.
 54823 | Depths:2 | Reached XP level 24. HP: 144/144 MP: 33/36
 54955 | Depths:2 | Reached skill level 18 in Invocations
 54958 | Depths:2 | Identified the +8 trident of Trauma {heavy, Will+}
 55021 | Depths:2 | Identified the +6 giant club of Demand {freeze, rC+ Will+}
 55021 | Depths:2 | Identified the +8 giant club of the Brewing Gods {venom,
                  | rC+ rN+ Str+3 Int+3}
 55022 | Depths:2 | Noticed the Enchantress
 55177 | Depths:2 | Identified the +8 falchion "Cemypy" {pain, rN++ Str+3}
 55346 | Depths:2 | Killed the Enchantress
 55919 | Depths:3 | Reached skill level 19 in Invocations
 55947 | Depths:3 | Noticed Boris
 55955 | Depths:3 | Killed Boris
 56001 | Depths:3 | You fall into a shaft and drop 1 floor!
 56001 | Depths:4 | Entered Level 4 of the Depths
 56186 | Depths:4 | Found a broken altar of Ashenzari.
 56602 | Depths:3 | Found a glowing golden altar of the Shining One.
 56686 | Depths:3 | Reached skill level 20 in Invocations
 56753 | Depths:3 | Identified the +3 dagger "Orar" {holy, Str+3}
 57706 | Depths:4 | Found a gate to the Realm of Zot.
 58016 | Zot:1    | Entered Level 1 of the Realm of Zot
 58027 | Zot:1    | Reached skill level 21 in Invocations
 58465 | Zot:5    | Entered Level 5 of the Realm of Zot
 58469 | Zot:5    | Noticed a Killer Klown
 58488 | Zot:5    | Killed a Killer Klown
 58573 | Zot:5    | Reached skill level 22 in Invocations
 58620 | Zot:5    | Noticed a Killer Klown
 58638 | Zot:5    | Reached skill level 1 in Evocations
 58638 | Zot:5    | Reached XP level 25. HP: 149/149 MP: 39/39
 58639 | Zot:5    | Killed a Killer Klown
 58950 | Zot:5    | Noticed a dread lich
 58956 | Zot:5    | Killed a dread lich
 58964 | Zot:5    | Reached skill level 5 in Evocations
 58971 | Zot:5    | Noticed an ancient lich
 58971 | Zot:5    | Noticed a dread lich
 58972 | Zot:5    | Noticed an orb of fire
 58972 | Zot:5    | Noticed an orb of fire
 58975 | Zot:5    | Noticed a dread lich
 58977 | Zot:5    | Gained mutation: Your body sometimes deteriorates upon
                  | taking damage. [an orb of fire]
 58979 | Zot:5    | Killed an orb of fire
 58979 | Zot:5    | Killed an orb of fire
 58979 | Zot:5    | Noticed a Killer Klown
 58980 | Zot:5    | Noticed a dread lich
 58980 | Zot:5    | Killed an ancient lich
 58983 | Zot:5    | Killed a dread lich
 58984 | Zot:5    | Noticed a dread lich
 58986 | Zot:5    | Killed a dread lich
 58991 | Zot:5    | Killed a Killer Klown
 58993 | Zot:5    | Killed a dread lich
 58994 | Zot:5    | Noticed an ancient lich
 58998 | Zot:5    | Killed an ancient lich
 58999 | Zot:5    | Killed a dread lich
 59000 | Zot:5    | Reached skill level 23 in Invocations
 59040 | Zot:5    | Reached skill level 10 in Evocations
 59043 | Zot:5    | Noticed an orb of fire
 59047 | Zot:5    | Gained mutation: Your body often deteriorates upon taking
                  | damage. [an orb of fire]
 59048 | Zot:5    | Noticed an ancient lich
 59048 | Zot:5    | Noticed a dread lich
 59050 | Zot:5    | Killed an orb of fire
 59052 | Zot:5    | Noticed a dread lich
 59052 | Zot:5    | Noticed a Killer Klown
 59053 | Zot:5    | Killed an ancient lich
 59053 | Zot:5    | Killed a dread lich
 59054 | Zot:5    | Noticed a Killer Klown
 59056 | Zot:5    | Killed a dread lich
 59057 | Zot:5    | Noticed a dread lich
 59058 | Zot:5    | Noticed an orb of fire
 59058 | Zot:5    | Killed a Killer Klown
 59060 | Zot:5    | Killed a Killer Klown
 59063 | Zot:5    | Killed an orb of fire
 59064 | Zot:5    | Killed a dread lich
 59068 | Zot:5    | Got the Orb of Zot
 59072 | Zot:5    | Noticed Vygemn the pandemonium lord
 59439 | Temple   | Fell from the grace of Wu Jian
 59439 | Temple   | Became a worshipper of the Shining One
 59468 | D:7      | Noticed Wish the pandemonium lord
 59537 | D:4      | Gained mutation: You do not regenerate when monsters are
                  | visible. [a cacodemon]
 59538 | D:4      | Noticed Ocuu the pandemonium lord
 59538 | D:4      | Noticed an ancient lich
 59539 | D:4      | Reached * piety under the Shining One
 59709 | D:1      | Reached XP level 26. HP: 154/154 MP: 39/39
 59862 | D:1      | Reached ** piety under the Shining One
 59944 | D:$      | Escaped with the Orb!

Illustrated notes

Levels and vault maps discovered:
D:1:      ncdulo_watergridlock, layout_basic
D:2:      layout_rooms, grunt_ministairs_9
D:3:      layout_basic, mainiacjoe_overflow_alcove_2,
          nicolae_overflow_hidden_temple
D:4:      gammafunk_wand_slinger, layout_rooms
D:5:      layout_basic, regret_index_kikubaaqudgha_part_by_part,
          fedhas_ov_isle_minmay, serial_co_window_serial, co_window_paths_b,
          co_window_of_opportunity_a, co_window_paths_b, co_window_paths_a,
          co_window_of_opportunity_a, co_window_of_opportunity_c,
          co_window_of_opportunity_c, co_window_unsneaky_path_b,
          co_window_4corner_b, co_window_sun, glass_columns_a, glass_columns_b,
          serial_shops, nicolae_shop_pleasant_corner_grove, uniq_ijyb,
          uniq_sigmund
D:6:      layout_basic, mainiacjoe_overflow_brackets, minmay_misc_feat_tower,
          chequers_garden, dreamdust_princess_corridor, minmay_between
D:7:      layout_basic, minmay_temple_entry_gardened_gates, enter_bailey_5
D:8:      layout_loops_ring, erik_lair_orcish_takeover
D:9:      layout_basic
D:10:     layout_rooms, orc_0_dummy, serial_shops, shop, minmay_quadrilaterals,
          uniq_snorg, uniq_grum
D:11:     layout_long_grid, serial_shops, nicolae_shop_crystal,
          cheibriados_altar_1, uniq_maurice
D:12:     layout_small_grid, portal_ice_cave_rime
D:13:     layout_long_grid, hellmonk_vaults_attempted_burglary, disabler_island
D:14:     layout_rooms, nicolae_figureground_pulse, uniq_azrael
D:15:     grunt_enter_depths_snipers, layout_long_grid, gauntlet_entry_generic,
          serial_shops, shop, hangedman_decor_growths
Temple:   hellmonk_temple_two_chambers
Lair:1:   layout_cave_pods, chequers_serial_rivers_micro_b,
          kennysheep_abandoned_house, serial_bayou_shore_a
Lair:2:   layout_cave_pods, minmay_shoals_entry_hut,
          chequers_serial_rivers_micro_b
Lair:3:   layout_cave_pods, spider_nest_entry_webs, hellmonk_talismancer,
          grunt_megastairs_3, lemuel_fruit_fields, uniq_nergalle
Lair:4:   layout_layer_cave, nicolae_slime_entry_slimehenge,
          serial_bayou_shore_b
Lair:5:   hangedman_lair_tendril_chambers, layout_layer_cave, wormcave,
          infiniplex_staircase_pool_2, uniq_josephine
Shoals:1: layout_shoals
Shoals:2: layout_shoals, nicolae_shoals_spectral_cove
Shoals:3: layout_shoals, ebering_ghost_disaster_area, abandoned_shop,
          nicolae_shoals_nymph_descending_staircase
Shoals:4: shoals_end_hellmonk_lost_city, serial_shops
Spider:1: nicolae_spider_hilbert_zone_5 [nicolae_spider_hilbert_3_sides_1_open,
          nicolae_spider_hilbert_4_sides_1_open,
          nicolae_spider_hilbert_4_sides_1_open,
          nicolae_spider_hilbert_6_sides_1_open,
          nicolae_spider_hilbert_6_sides_1_open], gammafunk_ghost_arena,
          uniq_nikola, uniq_louise, uniq_jorgrun, uniq_kirke
Spider:2: layout_cave_pods, nicolae_spider_circle_web, uniq_arachne
Spider:3: layout_spider_delve, nicolae_spider_paper_wasps,
          hangedman_spider_tarantella_strand
Spider:4: floodkiller_spider_rune_tomb
Orc:1:    layout_diamond_mine
Orc:2:    st_orc_town, layout_diamond_mine, uniq_sonja, uniq_urug
Elf:1:    nicolae_elf_arrival_no_cutting_in_line, layout_gridlike, serial_shops,
          nicolae_shop_advertising_works [nicolae_subvault_shop_adworks],
          hangedman_elven_crosses_minicolossus, st_stairs_6
Elf:2:    elven_hall_of_blades_hangedman_alternative
          [mumra_blade_entry_bloodbath], layout_geoelf_grid, serial_shops,
          statue_bzr, nicolae_fountain_basement
Elf:3:    minmay_elf_hall_spiked, layout_geoelf_castle, serial_shops,
          nicolae_shop_hallway_stairs, nicolae_twisting_strands,
          minmay_shoptagon, uniq_norris
Vaults:1: v_alt_pattern_5, nicolae_vaults_double_plus_1, ontoclasm_vaults_fault,
          nicolae_vaults_storage_room_doors,
          nicolae_vaults_you_can_take_it_with_you, v_misc_28,
          ontoclasm_vaults_ring_large, nicolae_vaults_specimen_jars,
          nicolae_vaults_storage_room_glass, v_pattern_5, vaults_room_pool,
          nicolae_vaults_stepped_doors, nicolae_vaults_house_1,
          hangedman_vaults_capsules, layout_vaults_big_room
Vaults:2: v_misc_8, minmay_crypt_entry_necro_gods, hangedman_vaults_slice,
          vaults_room_pools, nicolae_vaults_theta, nicolae_vaults_tetromino_T_1,
          v_misc_10, hangedman_vaults_stagger, nicolae_vaults_shelves_hall,
          nicolae_vaults_house_3, nicolae_vaults_border_crossing, v_misc_33,
          v_misc_5, hangedman_vaults_stretched_pinwheel,
          minmay_guarded_unrand_sword_of_power, layout_vaults_maze
Vaults:3: portal_desolation_entry_holy_temple, nicolae_vaults_tangram_1,
          nicolae_vaults_double_plus_2, ontoclasm_vaults_ring_small,
          hangedman_vaults_slither, vaults_room_door_ring, vaults_room_grid,
          vaults_room_grunt_arrival_checkpoint, v_misc_26,
          vaults_room_stairs_pillars, hangedman_vaults_trim, vaults_room_pools,
          layout_vaults_big_cross, uniq_xtahua
Vaults:4: hangedman_vaults_restitches, v_alt_pattern_6, v_alt_pattern_1,
          ontoclasm_vaults_eye, v_misc_22, vaults_dpeg_spiral,
          dpeg_vaults_hating_casters, hangedman_vaults_trim,
          nicolae_vaults_double_plus_1, nicolae_vaults_apartment_2,
          layout_vaults_ring, serial_shops, shop_statue
Vaults:5: serial_shops
Crypt:1:  layout_basic, grunt_megastairs_2, grunt_crypt_arrival_webbed
Crypt:2:  layout_rooms, nrook_guardian_serpent_ordinary
Crypt:3:  david_glass_crypt, layout_basic, nicolae_tomb_entry_grand_gallery,
          special_room [special_room_morgue], st_stairs_9, minivault_5
Depths:1: layout_honeycomb, enter_ziggurat_a, dk_noncrumbling_4, abyss_entry,
          hellmouth_3, serial_shops, shop, glass_columns_a, kennysheep_doodads,
          nrook_mini_backslash, nicolae_uskayaw_en_pointe, uniq_sojobo
Depths:2: spriggan_forest, pan_entry, hell_entry
Depths:3: cheibrodos_salmonella, layout_gridlike, abyss_entry, hell_entry,
          nicolae_tso_carved_into_rock, uniq_boris
Depths:4: grunt_zot_entry_tricorne, layout_small_grid, evilmike_ruin_ashenzari,
          hell_entry, roderic_lattice_octagonal_star
Zot:1:    kennysheep_ambush_hall, layout_onion_interference, skrybe_zot_glass_3,
          regret_index_zotdec_glowing_original
Zot:2:    layout_basic, hangedman_zot_decor_unnerving_road
Zot:3:    layout_gridlike
Zot:4:    layout_gridlike, regret_index_zotdec_obsidian_hm
Zot:5:    layout_twisted_circle, lemuel_baited_zot_trap

Skill      XL: |  1  2  3  4  5  6  7  8  9 10 11 12 13 14 15 16 17 18 19 20 21 22 23 24 25 |
---------------+----------------------------------------------------------------------------+-----
Conjurations   | 1 |  1.3
Dodging        | 3 4 5 6 8 9 11 12 13 15 17 19 20 | 20.9
Fighting       | 1 2 3 4 5 7 8 9 10 11 12 13 15 17 20 | 20.9
Unarmed Combat | 1 2 3 4 5 7 8 9 10 11 12 13 14 16 17 20 | 20.9
Shapeshifting  | 1 2 3 4 5 7 9 10 12 15 16 17 20 | 20.9
Necromancy     | 6 |  6.0
Spellcasting   | 5 |  5.0
Invocations    | 11 17 22 23 | 23.0
Translocations | 5 |  5.0
Evocations     | 1 14 | 14.8
Stealth        | |  2.6
Air Magic      | |  2.9

Action                     |  1- 3 |  4- 6 |  7- 9 | 10-12 | 13-15 | 16-18 | 19-21 | 22-24 | 25-27 || total
---------------------------+-------+-------+-------+-------+-------+-------+-------+-------+-------++-------
  Melee: Unarmed           |    17 |    62 |   282 |   837 |  1336 |  1945 |  1243 |  1797 |   381 ||  7900
         Bite              |     1 |     9 |    28 |   115 |   212 |   254 |   192 |   290 |    76 ||  1177
         Punch             |       |       |    13 |    55 |   104 |   190 |   161 |   315 |    80 ||   918
   Cast: Shock             |    88 |   167 |   214 |   319 |   191 |       |       |     1 |       ||   980
         Static Discharge  |       |     5 |     2 |    28 |       |       |       |       |       ||    35
         Fugue of the Fall |       |       |       |       |       |       |    12 |    44 |     1 ||    57
         Swiftness         |       |       |       |       |       |       |     1 |       |       ||     1
 Invoke: Serpent's Lash    |       |       |       |     1 |    15 |    19 |     8 |    13 |     5 ||    61
         Heavenly Storm    |       |       |       |       |       |     1 |     2 |     1 |     1 ||     5
Ability: Lunge             |       |       |     1 |    13 |    70 |   118 |    93 |   123 |    13 ||   431
         Whirlwind         |       |       |       |    15 |   267 |   448 |   353 |   277 |   129 ||  1489
         Wall Jump         |       |       |       |       |     2 |     5 |       |       |       ||     7
  Evoke: Wand              |       |       |    15 |    32 |     6 |       |       |     4 |     1 ||    58
    Use: Scroll            |     3 |    14 |     2 |     7 |    11 |     2 |     1 |    10 |     5 ||    55
         Potion            |     2 |     3 |     6 |     5 |     2 |     6 |     3 |       |    13 ||    40
   Stab: Sleeping          |       |       |     3 |     3 |     6 |    10 |    19 |    10 |     1 ||    52
         Invisible         |       |       |       |     9 |       |       |     1 |       |       ||    10
         Fleeing           |       |       |       |     1 |       |       |       |       |       ||     1
         Distracted        |       |       |       |       |     3 |     2 |     1 |     4 |       ||    10
 Armour: Skin              |    12 |    33 |    89 |   199 |   450 |   636 |   285 |   537 |   142 ||  2383
  Dodge: Dodged            |    34 |    67 |   340 |   842 |  1732 |  4293 |  1998 |  3111 |   563 || 12980
         Repelled          |       |       |       |       |       |     6 |     5 |       |       ||    11
   Form: Blade             |       |       |       |     4 |     1 |       |       |       |       ||     5
                           |       |       |       |     3 |       |       |       |       |       ||     3
         Statue            |       |       |       |       |     2 |       |       |       |       ||     2

Table legend: (Time is in decaauts)
 A = Elapsed time spent in this place.
 B = Non-inter-level travel time spent in this place.
 C = Inter-level travel time spent in this place.
 D = Time resting spent in this place.
 E = Time spent auto-exploring this place.
 F = Levels seen in this place.
 G = Mean time per level.
                   A        B        C        D        E       F      G
               +--------+--------+--------+--------+--------+-----+--------+
         Total |  74870 |  70139 |   4731 |   8971 |  44461 |  54 | 1386.5 |
       Dungeon |  21352 |  19701 |   1651 |   2155 |  13539 |  15 | 1423.5 |
        Temple |     31 |     31 |      0 |      0 |      0 |   1 |   31.0 |
          Lair |  14131 |  13421 |    710 |   3011 |   7534 |   5 | 2826.2 |
        Shoals |   5912 |   5637 |    275 |    458 |   4228 |   4 | 1478.0 |
   Spider Nest |   7155 |   6839 |    316 |   1205 |   3699 |   4 | 1788.8 |
  Orcish Mines |   1986 |   1667 |    319 |      0 |   1231 |   2 |  993.0 |
   Elven Halls |   3796 |   3508 |    288 |      0 |   2640 |   3 | 1265.3 |
        Vaults |   5550 |   5141 |    409 |      0 |   3813 |   5 | 1110.0 |
         Crypt |   3484 |   3256 |    228 |     99 |   2200 |   3 | 1161.3 |
        Depths |   6790 |   6407 |    383 |    775 |   4420 |   4 | 1697.5 |
           Zot |   1631 |   1483 |    148 |    139 |    438 |   5 |  326.2 |
        Bailey |   1056 |   1056 |      0 |    581 |    151 |   1 | 1056.0 |
      Ice Cave |   1039 |   1039 |      0 |     93 |    562 |   1 | 1039.0 |
      Gauntlet |    952 |    952 |      0 |    453 |      0 |   1 |  952.0 |
               +--------+--------+--------+--------+--------+-----+--------+

Top non-repeatable levels by time:
  Lair:5: 3300 daAuts
  Lair:1: 2852 daAuts
  Lair:3: 2834 daAuts
  Lair:2: 2754 daAuts
     D:5: 2446 daAuts
Depths:2: 2402 daAuts
  Lair:4: 2389 daAuts
Spider:3: 2297 daAuts
Vaults:4: 1944 daAuts
Depths:3: 1886 daAuts
   Elf:3: 1872 daAuts
Spider:4: 1857 daAuts
     D:9: 1795 daAuts
     D:1: 1765 daAuts
    D:13: 1724 daAuts
